[Event "Team 45 45 League T47"]
[Site "Internet Chess Club"]
[Date "2010.11.29"]
[Round "4"]
[White "JWB"]
[Black "Mark-SF"]
[Result "0-1"]
[WhiteElo "1599"]
[BlackElo "1767"]
[Opening "English: four knights, kingside fianchetto"]
[ECO "A29"]
[Time "14:00:16"]
[TimeControl "2700+45"]

1. c4 e5 2. Nc3 Nf6 3. Nf3 Nc6 4. g3 Bb4 5. Bg2 O-O 6. O-O e4 7. Ne1 Bxc3 8.
dxc3 h6 9. Nc2 d6 10. Ne3 Re8 11. Nd5 a5 12. f3 exf3 13. exf3 Nxd5 14. cxd5 Ne5
15. f4 Bg4 16. Qd4 c5 17. dxc6 Nxc6 18. Bxc6 bxc6 19. f5 Bh3 20. Rd1 Bxf5 21.
Bf4 d5 22. Qc5 Qf6 23. Rd2 Re4 24. b3 a4 25. Rad1 Bg4 26. Rc1 Qe6 27. Qf2 g5 28.
Bc7 axb3 29. axb3 c5 30. b4 Rc8 31. Ba5 cxb4 32. Rd4 Re2 33. Qf1 Qe3+ {White
resigns} 0-1

[Event "Team 45 45 League T47"]
[Site "Internet Chess Club"]
[Date "2010.11.27"]
[Round "4"]
[White "oldsj"]
[Black "rayngrant"]
[Result "0-1"]
[WhiteElo "1621"]
[BlackElo "1600"]
[Opening "Ruy Lopez: closed, Chigorin, 12...c5d4"]
[ECO "C96"]
[Time "09:05:54"]
[TimeControl "2700+45"]

1. e4 e5 2. Nf3 Nc6 3. Bb5 a6 4. Ba4 Nf6 5. O-O Be7 6. Re1 b5 7. Bb3 O-O 8. c3
d6 9. h3 Na5 10. Bc2 c5 11. d4 cxd4 12. cxd4 Qc7 13. Nbd2 Bb7 14. d5 Rac8 15.
Bb1 Nc4 16. a4 Nd7 17. axb5 axb5 18. b4 Ra8 19. Rxa8 Rxa8 20. Nb3 Ra4 21. Bd2
Nxd2 22. Qxd2 Qc4 23. Na5 Qc7 24. Qb2 Rxa5 25. bxa5 Qxa5 26. Bd3 Nc5 27. Bxb5
Qb6 28. Qb1 g6 29. Bc6 Qc7 30. Bxb7 Qxb7 31. Qxb7 Nxb7 32. Rb1 Nc5 33. Nd2 Bg5
34. Nf3 Bh6 35. Rb4 Bc1 36. Kf1 Ba3 37. Rc4 Kg7 38. Nd2 Nd7 39. f3 Nc5 40. Ke2
h5 41. Kd1 Nd3 42. Nb1 Nb2+ 43. Kc2 Nxc4 44. Kb3 Ne3 45. Kxa3 Nxg2 46. Nd2 Kf8
47. Kb4 Nf4 48. h4 Ng2 49. Kb5 Nxh4 50. Kc6 Ke7 51. Nc4 Nxf3 52. Nxd6 Nd4+ 53.
Kc7 h4 54. Nc8+ Kf6 55. Na7 h3 56. d6 Ne6+ 57. Kc8 h2 58. d7 h1=Q {White
resigns} 0-1

[Event "Team 45 45 League T47"]
[Site "Internet Chess Club"]
[Date "2010.11.28"]
[Round "4"]
[White "BenjaminSisko"]
[Black "rom1"]
[Result "1-0"]
[WhiteElo "1486"]
[BlackElo "1505"]
[Opening "Alekhine's defense: exchange variation"]
[ECO "B03"]
[Time "14:10:35"]
[TimeControl "2700+45"]

1. e4 Nf6 2. e5 Nd5 3. d4 d6 4. c4 Nb6 5. exd6 cxd6 6. Nc3 g6 7. Be3 Bg7 8. Rc1
Nc6 9. b3 O-O 10. Nf3 Bg4 11. Be2 a5 12. O-O e5 13. dxe5 dxe5 14. Qxd8 Rfxd8 15.
Bxb6 Rd7 16. Rfd1 Re8 17. Rxd7 Bxd7 18. Rd1 Bf5 19. Ng5 h6 20. Nge4 Nd4 21. Bd3
Ra8 22. Nd6 Bxd3 23. Rxd3 f5 24. f3 Nc6 25. Nxb7 a4 26. Nxa4 Nb4 27. Rd8+ Rxd8
28. Bxd8 Nxa2 29. Na5 e4 30. fxe4 fxe4 31. Bb6 Nb4 32. Kf2 Nc2 33. Be3 g5 34.
Nc5 Nb4 35. Nxe4 Nd3+ 36. Ke2 Ne5 37. b4 Bf8 38. Bc5 Nd7 39. Bxf8 Kxf8 40. c5
Ke7 41. c6 Nb6 42. Kd3 Kd8 43. Nc4 Nd5 44. b5 Kc7 45. Kd4 Nf4 46. g3 {Black
resigns} 1-0

[Event "Team 45 45 League T47"]
[Site "Internet Chess Club"]
[Date "2010.11.27"]
[Round "4"]
[White "Just-Jim"]
[Black "FractalDante"]
[Result "0-1"]
[WhiteElo "1388"]
[BlackElo "1470"]
[Opening "Sicilian: Alapin's variation (2.c3)"]
[ECO "B22"]
[Time "17:00:09"]
[TimeControl "2700+45"]

1. e4 c5 2. c3 d5 3. e5 d4 4. cxd4 cxd4 5. h3 a6 6. Nf3 Nc6 7. Qa4 Bd7 8. Qb3
Qc7 9. Qd3 Nxe5 10. Qxd4 Qxc1+ 11. Ke2 Bb5+ 12. Ke3 Nc4+ 13. Bxc4 Qxc4 14. Nc3
Nf6 15. Qxc4 Bxc4 16. Ne5 Be6 17. Ke2 g6 18. g3 Bg7 19. f4 O-O 20. d4 Nd5 21.
Nxd5 Bxd5 22. Rhd1 Rac8 23. Nd7 Rfd8 24. Rac1 Rxc1 25. Rxc1 Rxd7 26. Rc8+ Bf8
27. b3 e6 28. Ke3 Kg7 29. Rc3 Bd6 30. g4 Rc7 31. Rd3 Bb4 32. f5 exf5 33. gxf5
Re7+ 34. Kf4 Re4+ 35. Kg5 Be7+ 36. f6+ Bxf6# {White checkmated} 0-1

[Event "Team 45 45 League T47"]
[Site "Internet Chess Club"]
[Date "2010.11.26"]
[Round "4"]
[White "crimsonviper"]
[Black "VietLion"]
[Result "0-1"]
[WhiteElo "1583"]
[BlackElo "1922"]
[Opening "King's Indian: orthodox variation"]
[ECO "E94"]
[Time "16:07:59"]
[TimeControl "2700+45"]

1. d4 Nf6 2. c4 g6 3. Nc3 Bg7 4. e4 d6 5. Nf3 O-O 6. Be2 e5 7. O-O Na6 8. Re1
Nh5 9. dxe5 dxe5 10. Ng5 Nf4 11. Bxf4 exf4 12. Nf3 c6 13. Qxd8 Rxd8 14. Rad1 Bg4
15. Nd4 Bxd4 16. Bxg4 h5 17. Bf3 Be5 18. Na4 Nb4 19. a3 Nc2 20. Rxd8+ Rxd8 21.
Rd1 Nd4 22. Nc3 Nxf3+ 23. gxf3 Rxd1+ 24. Nxd1 Kf8 25. Kf1 a5 26. Ke2 a4 27. Kd3
c5 28. Nc3 Bd4 29. Nxa4 Bxf2 30. e5 g5 31. Ke4 Be3 32. Kf5 g4 33. fxg4 f3 {White
resigns} 0-1

[Event "Team 45 45 League T47"]
[Site "Internet Chess Club"]
[Date "2010.11.30"]
[Round "4"]
[White "Bacon1290"]
[Black "whiskeytown"]
[Result "1-0"]
[WhiteElo "1693"]
[BlackElo "1492"]
[Opening "Budapest: Rubinstein variation"]
[ECO "A52"]
[Time "18:11:17"]
[TimeControl "2700+45"]

1. d4 Nf6 2. c4 e5 3. dxe5 Ng4 4. Bf4 Bb4+ 5. Nd2 Bc5 6. e3 Nc6 7. Ngf3 Qe7 8.
Bg5 Qe6 9. Be2 Ngxe5 10. O-O Nxf3+ 11. Bxf3 O-O 12. Ne4 Bb6 13. c5 Ba5 14. a3
Qe5 15. b4 Nxb4 16. axb4 Bxb4 17. Qd4 Re8 18. Qxb4 b6 19. cxb6 cxb6 20. Bf4 Qf5
21. Nd6 {Black resigns} 1-0

[Event "Team 45 45 League T47"]
[Site "Internet Chess Club"]
[Date "2010.11.28"]
[Round "4"]
[White "AlekSaxon"]
[Black "leo6"]
[Result "0-1"]
[WhiteElo "1463"]
[BlackElo "1555"]
[Opening "King's Indian: East Indian defense"]
[ECO "A48"]
[Time "12:00:17"]
[TimeControl "2700+45"]

1. d4 Nf6 2. Nf3 g6 3. Ne5 Bg7 4. Nxf7 Kxf7 5. e4 Nxe4 6. Qf3+ Nf6 7. Bc4+ e6 8.
O-O Rf8 9. b3 Kg8 10. Ba3 Rf7 11. Nd2 Nd5 12. Qg3 Bxd4 13. Rae1 Nc6 14. Bc1 d6
15. Ne4 Rf5 16. Ng5 Qe7 17. Bd3 Re5 18. Ne4 Bd7 19. Kh1 Rf8 20. f4 Ref5 21. Ng5
R5f6 22. f5 Be5 23. Qh4 exf5 24. Bc4 Be6 25. Rd1 Ncb4 26. a3 b5 27. Bxb5 Nxc2
28. Nxe6 Rxe6 29. Bc4 Qxh4 {White resigns} 0-1

[Event "Team 45 45 League T47"]
[Site "Internet Chess Club"]
[Date "2010.11.25"]
[Round "4"]
[White "Burbia"]
[Black "tightfist"]
[Result "0-1"]
[WhiteElo "1395"]
[BlackElo "1566"]
[Opening "Robatsch defense: two knights variation"]
[ECO "B07"]
[Time "11:05:38"]
[TimeControl "2700+45"]

1. e4 d6 2. d4 g6 3. Nc3 Bg7 4. Nf3 Bg4 5. Be2 Nd7 6. O-O c6 7. Bf4 Ngf6 8. Qd2
O-O 9. Bh6 Qa5 10. Bxg7 Kxg7 11. Ng5 Bxe2 12. Qxe2 Qxg5 13. f3 Rae8 14. b4 Nh5
15. Qf2 Nf4 16. Qg3 Qxg3 17. hxg3 Ne6 18. Ne2 f5 19. d5 cxd5 20. exd5 Nc7 21. c4
b5 22. Rac1 bxc4 23. Rxc4 Nxd5 24. Nd4 e5 25. Ne6+ Rxe6 {White resigns} 0-1

[Event "Team 45 45 League T47"]
[Site "Internet Chess Club"]
[Date "2010.11.24"]
[Round "4"]
[White "Lyko"]
[Black "BrerRabbit"]
[Result "0-1"]
[WhiteElo "1410"]
[BlackElo "1616"]
[Opening "King's Indian: Makagonov system (5.h3)"]
[ECO "E71"]
[Time "19:00:43"]
[TimeControl "2700+45"]

1. d4 Nf6 2. c4 g6 3. Nc3 Bg7 4. e4 d6 5. h3 O-O 6. Be3 Na6 7. Nf3 Qe8 8. a3 e5
9. d5 Nc5 10. Bxc5 dxc5 11. Bd3 Qe7 12. Nh2 h5 13. g4 a6 14. gxh5 Nxh5 15. Be2
Nf4 16. Bg4 Nxh3 17. Bxh3 Bxh3 18. Ng4 Bxg4 19. Qxg4 Qe8 20. O-O-O f6 21. Rd3
Kf7 22. Rg3 g5 23. Qh5+ Ke7 24. Qxe8+ Raxe8 25. Rh7 Kf7 26. b4 cxb4 27. axb4 Rh8
28. Rgh3 Rxh7 29. Rxh7 Rh8 30. Rxh8 Bxh8 31. c5 Bg7 32. Kd2 Bf8 33. Ke3 b6 34.
cxb6 cxb6 35. Kd3 Bxb4 36. Kc4 Bc5 37. f3 Ke8 38. Na4 Bd4 39. d6 Kd7 40. Kd5 a5
{White resigns} 0-1

[Event "Team 45 45 League T47"]
[Site "Internet Chess Club"]
[Date "2010.11.30"]
[Round "4"]
[White "stan-beers"]
[Black "stputte"]
[Result "1/2-1/2"]
[WhiteElo "1428"]
[BlackElo "1567"]
[Opening "Alekhine's defense: Maróczy variation"]
[ECO "B02"]
[Time "12:00:06"]
[TimeControl "2700+45"]

1. e4 Nf6 2. d3 e5 3. Nf3 Nc6 4. Nbd2 Bc5 5. Be2 O-O 6. a4 a5 7. O-O d6 8. Nc4
Be6 9. b3 Nd4 10. Nxd4 Bxd4 11. Ra2 Nd7 12. Be3 Bxe3 13. Nxe3 Nb6 14. Bg4 Qd7
15. c4 Bxg4 16. Nxg4 f5 17. exf5 Qxf5 18. Ne3 Qf7 19. Rd2 Nd7 20. f3 c6 21. d4
Qf4 22. Ng4 h5 23. Nf2 Nf6 24. dxe5 dxe5 25. Nh3 Qe3+ 26. Kh1 Qb6 27. Qb1 Qb4
28. Rdf2 Rad8 29. Ng5 Rfe8 30. Ne4 Nxe4 31. fxe4 Rf8 32. Rxf8+ Rxf8 33. Rxf8+
Kxf8 34. h3 g6 35. Qf1+ Kg7 36. Qd3 Qe7 {Game drawn by mutual agreement} 1/2-1/2

[Event "Team 45 45 League T47"]
[Site "Internet Chess Club"]
[Date "2010.11.30"]
[Round "4"]
[White "lookatall65sqas"]
[Black "JimGaming"]
[Result "0-1"]
[WhiteElo "1346"]
[BlackElo "1258"]
[Opening "Bogo-Indian defense, Nimzovich variation"]
[ECO "E11"]
[Time "16:01:53"]
[TimeControl "2700+45"]

1. d4 Nf6 2. c4 e6 3. Nf3 Bb4+ 4. Bd2 Qe7 5. g3 Nc6 6. Bg2 Bxd2+ 7. Nbxd2 O-O 8.
O-O d6 9. e4 e5 10. d5 Nb8 11. Rc1 a5 12. Ne1 Na6 13. Nd3 Bd7 14. Re1 b6 15. Qe2
c5 16. Nb1 Nb4 17. Nc3 Nxd3 18. Qxd3 a4 19. f4 a3 20. b3 Ng4 21. Bh3 Nf2 22.
Kxf2 Bxh3 23. f5 g6 24. Qf3 Qg5 25. f6 Bg4 26. h4 Qd2+ {White resigns} 0-1

[Event "Team 45 45 League T47"]
[Site "Internet Chess Club"]
[Date "2010.11.26"]
[Round "4"]
[White "Giacometti"]
[Black "Tjet"]
[Result "1-0"]
[WhiteElo "1651"]
[BlackElo "1535"]
[Opening "Bird's opening"]
[ECO "A03"]
[Time "17:00:33"]
[TimeControl "2700+45"]

1. f4 d5 2. Nf3 g6 3. e3 Bg7 4. Be2 Nf6 5. O-O O-O 6. d3 c5 7. Nc3 b6 8. e4 dxe4
9. dxe4 Qxd1 10. Rxd1 Bb7 11. e5 Ne8 12. Be3 Nc7 13. Rd2 Nc6 14. Rd7 Rac8 15.
Rad1 Rfd8 16. Nb5 Rxd7 17. Rxd7 Ba6 18. Nxa7 Nxa7 19. Bxa6 Nxa6 20. Rxa7 Nb4 21.
Ne1 Nd5 22. Bd2 e6 23. c4 Nb4 24. a3 Nc6 25. Rb7 Rb8 26. Rxb8+ Nxb8 27. b4 cxb4
28. axb4 Bf8 29. Nd3 h5 30. Be3 Nd7 31. c5 bxc5 32. bxc5 Nb8 33. Nb4 Be7 34. c6
Bd8 35. Ba7 Bc7 36. Bxb8 Bxb8 37. Na6 Ba7+ 38. Kf1 Bb6 39. c7 Bxc7 40. Nxc7 Kf8
41. Kf2 Ke7 42. Kg3 f6 43. Kh4 fxe5 44. fxe5 Kf7 45. Kg5 Kg7 46. Nxe6+ Kf7 47.
Nf4 {Black resigns} 1-0

[Event "Team 45 45 League T47"]
[Site "Internet Chess Club"]
[Date "2010.11.28"]
[Round "4"]
[White "arconia"]
[Black "oldprez"]
[Result "0-1"]
[WhiteElo "1352"]
[BlackElo "1413"]
[Opening "Caro-Kann defense"]
[ECO "B10"]
[Time "10:00:17"]
[TimeControl "2700+45"]

1. e4 c6 2. Nf3 d5 3. e5 Bf5 4. d4 e6 5. Be2 Nd7 6. O-O c5 7. c3 Be7 8. h3 h6 9.
Nbd2 cxd4 10. cxd4 Bb4 11. Nh2 Rc8 12. Ndf3 Bc2 13. Qd3 Bxd3 14. Bxd3 Ne7 15. g4
Ng6 16. Kh1 Be7 17. Ng1 Bg5 18. f4 Be7 19. f5 exf5 20. Bxf5 Bg5 21. Be6 O-O 22.
Bf5 Rxc1 23. Raxc1 Bxc1 24. Rxc1 Nb6 25. Ngf3 Ne7 26. Bb1 Nc6 27. Rg1 g5 28. h4
Nc4 29. Nf1 f6 30. e6 Qd6 31. Bf5 Qf4 32. N1h2 Nxd4 33. e7 Re8 34. Nxd4 Qxd4 35.
Re1 Ne3 36. Nf3 Qf4 37. Be6+ Kg7 38. Nh2 Rxe7 {White resigns} 0-1

[Event "Team 45 45 League T47"]
[Site "Internet Chess Club"]
[Date "2010.11.30"]
[Round "4"]
[White "radiohead"]
[Black "otib2006"]
[Result "1-0"]
[WhiteElo "1454"]
[BlackElo "1274"]
[Opening "Mieses opening"]
[ECO "A00"]
[Time "20:00:39"]
[TimeControl "2700+45"]

1. d3 Nf6 2. Nf3 e6 3. g3 Bb4+ 4. Bd2 Bxd2+ 5. Nbxd2 d5 6. Bg2 Nc6 7. O-O b6 8.
d4 Bb7 9. c3 O-O 10. Qc2 Qd6 11. Rfe1 e5 12. e4 dxe4 13. Nxe4 exd4 14. Nxd6 cxd6
15. Rad1 dxc3 16. Qxc3 d5 17. Ne5 d4 18. Qc4 Rac8 19. Nxc6 Ng4 20. Ne7+ Kh8 21.
Nxc8 Bxg2 22. Kxg2 f6 23. Rxd4 Ne5 24. Qe6 Rxc8 25. Qxc8# {Black checkmated} 1-0

[Event "Team 45 45 League T47"]
[Site "Internet Chess Club"]
[Date "2010.12.01"]
[Round "4"]
[White "dpmdpm"]
[Black "chips"]
[Result "1-0"]
[WhiteElo "1403"]
[BlackElo "1243"]
[Opening "Owen defense"]
[ECO "B00"]
[Time "14:32:36"]
[TimeControl "2700+45"]

1. e4 b6 2. d4 Bb7 3. Nc3 d5 4. exd5 Bxd5 5. Nxd5 Qxd5 6. Nf3 e6 7. Bd3 c5 8.
Qe2 Nd7 9. Be4 Qh5 10. Bxa8 cxd4 11. Nxd4 Qa5+ 12. c3 Ngf6 13. Bc6 Bc5 14. Bxd7+
Nxd7 15. O-O Bxd4 16. cxd4 O-O 17. Bd2 Qd5 18. Bc3 Nf6 19. Rfe1 Nh5 20. Qe5 Nf4
21. Qxf4 {Black resigns} 1-0

[Event "Team 45 45 League T47"]
[Site "Internet Chess Club"]
[Date "2010.11.27"]
[Round "4"]
[White "DARKwizard1"]
[Black "LukeOZade"]
[Result "1-0"]
[WhiteElo "2099"]
[BlackElo "1783"]
[Opening "Scotch gambit: Dubois-Réti defense"]
[ECO "C55"]
[Time "10:00:22"]
[TimeControl "2700+45"]

1. e4 e5 2. Nf3 Nc6 3. d4 exd4 4. Bc4 Nf6 5. e5 d5 6. Bb5 Ne4 7. Nxd4 Bd7 8.
Bxc6 bxc6 9. O-O Bc5 10. Be3 Rb8 11. b3 O-O 12. Nd2 Qe7 13. N2f3 Bb4 14. h3 c5
15. Ne2 Bb5 16. Qxd5 Bxe2 17. Qxe4 Bxf1 18. Rxf1 Rb6 19. Qc4 Qe6 20. Qe4 Rc6 21.
Rd1 Rd6 22. Rxd6 cxd6 23. Ng5 Qg6 24. exd6 Rd8 25. Qe7 Qxd6 26. Qxf7+ Kh8 27.
Qc4 Qd1+ 28. Kh2 Rd7 29. Qe4 g6 30. Qe8+ Kg7 31. Qe5+ Kg8 32. Bf4 Qd5 33. Qe8+
Kg7 34. Be5+ Kh6 35. Qf8+ Kh5 36. g4+ Kxg5 37. Qf4+ Kh4 38. Qf6+ g5 39. Bg3#
{Black checkmated} 1-0

[Event "Team 45 45 League T47"]
[Site "Internet Chess Club"]
[Date "2010.11.29"]
[Round "4"]
[White "chessateer"]
[Black "ferrari9182"]
[Result "1/2-1/2"]
[WhiteElo "1867"]
[BlackElo "1960"]
[Opening "Sicilian: Taimanov variation"]
[ECO "B46"]
[Time "19:00:29"]
[TimeControl "2700+45"]

1. e4 c5 2. Nf3 e6 3. d4 cxd4 4. Nxd4 a6 5. Nc3 Nc6 6. Be3 Nf6 7. Bd3 Be7 8. O-O
d5 9. exd5 exd5 10. Re1 O-O 11. Nce2 Ne5 12. c3 Re8 13. Qc2 Nxd3 14. Qxd3 Ne4
15. Rad1 Bf6 16. Nf3 Bf5 17. Qxd5 Qxd5 18. Rxd5 Be6 19. Rdd1 Bxa2 20. Bd4 Bb3
21. Ra1 Bc4 22. Bxf6 Nxf6 23. Ned4 g6 24. Ra5 Kg7 25. Rae5 Red8 26. Re7 b5 27.
h3 Bd5 28. Kh2 Rd7 29. Rxd7 Nxd7 30. Re7 Nc5 31. Kg1 Nd3 32. Re2 Rc8 33. Rd2 Nf4
34. g3 Bxf3 35. Nxf3 Ne6 36. Rd7 Kf6 37. Nd4 Nxd4 38. Rxd4 Rc6 39. Kf1 Re6 40.
Rd5 h6 41. Rd4 a5 42. Rd5 Rb6 43. Ke2 Ke6 44. Rd4 g5 45. Ke3 b4 46. cxb4 axb4
47. f4 f5 48. fxg5 hxg5 49. h4 gxh4 50. Rxh4 Ke5 51. b3 Rg6 52. Kf3 Rb6 53. Ke3
Rb5 54. Kd3 Rb8 55. Ke3 Kd5 56. Rd4+ Kc5 57. Rc4+ Kd5 58. Rd4+ Ke5 59. Rh4 Rg8
60. Kf3 Rb8 61. Ke3 Rb7 62. Rc4 Rb5 63. g4 fxg4 64. Rxg4 Kd6 65. Rc4 Kd5 66. Kd3
Rb8 67. Ke3 Rb6 68. Kd3 Rb5 69. Ke3 Ke5 70. Kd3 Rd5+ 71. Ke3 Rb5 72. Kd3 Rb7 73.
Ke3 Kd5 74. Kd3 {Game drawn by mutual agreement} 1/2-1/2

[Event "Team 45 45 League T47"]
[Site "Internet Chess Club"]
[Date "2010.11.29"]
[Round "4"]
[White "kidviper"]
[Black "OxidisedLizard"]
[Result "0-1"]
[WhiteElo "1987"]
[BlackElo "1868"]
[Opening "King's Indian: orthodox, Aronin-Taimanov, 9.Ne1"]
[ECO "E98"]
[Time "14:00:21"]
[TimeControl "2700+45"]

1. d4 Nf6 2. Nf3 g6 3. c4 Bg7 4. Nc3 d6 5. e4 O-O 6. Be2 e5 7. O-O Nc6 8. d5 Ne7
9. Ne1 Nd7 10. Nd3 f5 11. f4 fxe4 12. Nxe4 Nb6 13. Qb3 Nf5 14. Nd2 Bd7 15. a4
Bxa4 16. Qa2 Nd4 17. Bg4 e4 18. Nxe4 Bb3 19. Qa5 Nxc4 20. Qb4 a5 21. Qxb7 Rb8
22. Qa7 Nb5 23. Be6+ Kh8 24. Qa6 Rb6 25. Qc8 Qxc8 26. Bxc8 Rxc8 27. Nd2 Nxd2 28.
Bxd2 Bc4 29. Rf3 Nd4 30. Rh3 Nb3 31. Rd1 Nxd2 32. Rxd2 Bxd3 33. Rdxd3 Rxb2 34.
Rhe3 Bf6 35. Re6 Kg7 36. h3 Kf7 37. Re4 Rb4 38. Re2 Rxf4 39. Ra3 a4 40. Rc2 Be5
41. Rd2 Rd4 42. Rf2+ Ke7 43. Rf1 Rf8 44. Rc1 Kd7 45. Ra2 Rxd5 46. Rxa4 Rf4 47.
Ra2 Rfd4 48. Raa1 Rd2 49. Rab1 Ra2 50. Rb7 Bd4+ 51. Kh1 Bc5 52. Kh2 Rdd2 53. Kg3
Rxg2+ 54. Kf4 g5+ 55. Kf5 Raf2+ 56. Ke4 Rf4+ 57. Kd3 Rg3+ 58. Kc2 Kc6 59. Rb3
Rc4+ 60. Kb2 Rxb3+ 61. Kxb3 Rxc1 62. h4 gxh4 63. Ka2 Rc3 64. Kb2 Bd4 65. Ka2 h3
66. Kb2 h2 67. Ka2 h1=N 68. Kb2 Nf2 69. Ka2 h5 70. Kb2 h4 71. Ka2 h3 72. Kb2 h2
73. Ka2 h1=N 74. Kb2 Nd3+ 75. Ka2 Ng3 76. Kb1 Ne4 77. Ka2 Nd2 78. Ka1 Kb5 79.
Ka2 d5 80. Ka1 Bf6 81. Ka2 d4 82. Ka1 Nc5 83. Ka2 Nc4 84. Kb1 d3 85. Ka1 d2 86.
Ka2 d1=N 87. Kb1 Nd2+ 88. Ka2 Nd3 89. Ka1 c5 90. Ka2 Rc4 91. Ka3 Rb4 92. Ka2 c4
93. Ka3 c3 94. Ka2 c2 95. Ka3 Nc4+ 96. Ka2 c1=N# {White checkmated} 0-1

[Event "Team 45 45 League T47"]
[Site "Internet Chess Club"]
[Date "2010.11.28"]
[Round "4"]
[White "parrot9"]
[Black "kwameh72"]
[Result "1-0"]
[WhiteElo "1627"]
[BlackElo "1691"]
[Opening "Scandinavian: Pytel-Wade variation"]
[ECO "B01"]
[Time "09:06:51"]
[TimeControl "2700+45"]

1. e4 d5 2. exd5 Qxd5 3. Nc3 Qd6 4. d4 Nf6 5. Nf3 a6 6. Bc4 b5 7. Bb3 Bb7 8. O-O
e6 9. Re1 Be7 10. Ng5 O-O 11. Nxe6 Qc6 12. d5 Nxd5 13. Bxd5 Qb6 14. Nxf8 Bxf8
15. Be3 c5 16. Bxb7 Qxb7 17. Bxc5 Nc6 {Black resigns} 1-0

[Event "Team 45 45 League T47"]
[Site "Internet Chess Club"]
[Date "2010.11.30"]
[Round "4"]
[White "bshribharath"]
[Black "byebyebadman"]
[Result "1-0"]
[WhiteElo "1799"]
[BlackElo "1833"]
[Opening "French: exchange variation"]
[ECO "C01"]
[Time "16:02:33"]
[TimeControl "2700+45"]

1. e4 e6 2. d4 d5 3. exd5 exd5 4. Bd3 Nc6 5. c3 Bd6 6. Nf3 Nge7 7. Qc2 Bg4 8.
Nbd2 O-O 9. Bxh7+ Kh8 10. h4 g6 11. h5 Bf5 12. Qd1 Kxh7 13. hxg6+ Kxg6 14. Ne5+
Kg7 15. Qh5 Rh8 16. Qxf7# {Black checkmated} 1-0

[Event "Team 45 45 League T47"]
[Site "Internet Chess Club"]
[Date "2010.11.28"]
[Round "4"]
[White "Signalman"]
[Black "Ivio"]
[Result "0-1"]
[WhiteElo "1602"]
[BlackElo "1811"]
[Opening "French: Réti (Spielmann) variation"]
[ECO "C00"]
[Time "10:33:18"]
[TimeControl "2700+45"]

1. e4 e6 2. b3 d5 3. Bb2 dxe4 4. Nc3 Nf6 5. Qe2 Bb4 6. O-O-O Nbd7 7. f3 b6 8.
fxe4 Bb7 9. d3 Qe7 10. Kb1 O-O-O 11. g4 Qc5 12. Na4 Qa5 13. c3 Be7 14. g5 Qxg5
15. Bc1 Qa5 16. Bd2 b5 17. Nb2 Qa6 18. Nf3 Nc5 19. Rg1 g6 20. Ng5 Rhf8 21. e5
Nd5 22. Nxh7 Rh8 23. Ng5 Bxg5 24. Rxg5 Rh4 25. Rg4 Rdh8 26. h3 Kb8 27. Bg2 Rxg4
28. hxg4 Rh2 29. c4 Rxg2 30. Qf1 Rxd2 31. Rxd2 Nc3+ 32. Kc2 Nxa2 33. Qxf7 Qa3
34. Qg8+ Bc8 35. Rh2 Qxb3+ 36. Kb1 Nc3+ 37. Kc1 Na2+ 38. Kb1 Nxd3 39. Qxg6 Nc3+
40. Ka1 Qa2# {White checkmated} 0-1

[Event "Team 45 45 League T47"]
[Site "Internet Chess Club"]
[Date "2010.11.26"]
[Round "4"]
[White "JeeniousChess"]
[Black "werty"]
[Result "1-0"]
[WhiteElo "1725"]
[BlackElo "1553"]
[Opening "Dutch: stonewall with Nc3"]
[ECO "A90"]
[Time "14:31:15"]
[TimeControl "2700+45"]

1. d4 e6 2. c4 f5 3. g3 Nf6 4. Bg2 d5 5. Nf3 c6 6. O-O Be7 7. Nc3 O-O 8. b3 Nbd7
9. Qc2 Ne4 10. Bb2 Ndf6 11. Ne5 Bd6 12. Nxe4 fxe4 13. f3 exf3 14. exf3 Bd7 15.
Rae1 Qc7 16. Bh3 Rae8 17. c5 Bxe5 18. Rxe5 Re7 19. Rfe1 Rfe8 20. Bc1 Bc8 21. Bf4
Qd8 22. b4 a6 23. a4 h6 24. Qg6 Rf7 25. Bxh6 Ree7 26. Bxg7 Rxg7 27. Qxf6 Qf8 28.
Bxe6+ Bxe6 29. Qxf8+ Kxf8 30. Rxe6 {Black resigns} 1-0

[Event "Team 45 45 League T47"]
[Site "Internet Chess Club"]
[Date "2010.11.26"]
[Round "4"]
[White "chiiwen"]
[Black "SlimeDog2"]
[Result "1-0"]
[WhiteElo "2213"]
[BlackElo "2118"]
[Opening "Petrov: classical attack, Marshall variation"]
[ECO "C42"]
[Time "21:03:42"]
[TimeControl "2700+45"]

1. e4 e5 2. Nf3 Nf6 3. Nxe5 d6 4. Nf3 Nxe4 5. d4 d5 6. Bd3 Bd6 7. O-O O-O 8. c4
c6 9. Nc3 Nxc3 10. bxc3 dxc4 11. Bxc4 Bg4 12. h3 Bh5 13. Re1 b5 14. Bd3 Nd7 15.
Bd2 Nb6 16. Be4 Rc8 17. Qc2 Bg6 18. Rad1 Qd7 19. Nh4 Bxe4 20. Qxe4 Rfe8 21. Qf3
Nc4 22. Bc1 Rxe1+ 23. Rxe1 Re8 24. Rf1 g6 25. Qd3 Qe7 26. Nf3 Qe2 27. Qb1 a5 28.
d5 cxd5 29. Qxb5 Rd8 30. Bg5 Be7 31. Re1 Qxe1+ 32. Nxe1 Bxg5 33. Nd3 Bd2 34. Nc5
Bxc3 35. Nb7 Rc8 36. Qxd5 Kg7 37. Nd8 Rc7 38. Nxf7 Rxf7 39. Qxc4 Bb4 40. a3 Bf8
41. Qc3+ Kg8 42. Qxa5 Rf5 43. Qd8 Kg7 44. Qd4+ Kg8 45. g4 {Black resigns} 1-0

[Event "Team 45 45 League T47"]
[Site "Internet Chess Club"]
[Date "2010.11.28"]
[Round "4"]
[White "chsrules88"]
[Black "Zumbi"]
[Result "0-1"]
[WhiteElo "2021"]
[BlackElo "2061"]
[Opening "Alekhine's defense: exchange variation"]
[ECO "B02"]
[Time "16:39:50"]
[TimeControl "2700+45"]

1. e4 Nf6 2. e5 Nd5 3. c4 Nb6 4. d4 d6 5. exd6 exd6 6. h3 Be7 7. Nf3 O-O 8. Bd3
Bf6 9. O-O Nc6 10. Nc3 Nb4 11. Re1 Nxd3 12. Qxd3 g6 13. Ne4 Bg7 14. Bg5 f6 15.
Bh4 d5 16. cxd5 Qxd5 17. Nc3 Qc4 18. Qxc4+ Nxc4 19. b3 Nb6 20. Re7 Bd7 21. Bg3
c6 22. Rae1 Rfe8 23. Bc7 Bf8 24. Rxe8 Rxe8 25. Rxe8 Bxe8 26. Bxb6 axb6 27. Kf1
b5 28. Ke2 Kf7 29. Kd3 Ke6 30. Ne4 h6 31. Nc5+ Bxc5 32. dxc5 Kd5 33. b4 g5 34.
Nd4 Bg6+ 35. Kc3 f5 36. Nb3 Ke5 37. Na5 Bf7 38. Nxb7 Bxa2 39. Kd3 Bc4+ 40. Ke3
h5 41. g3 f4+ 42. Kf3 Bd5+ 43. Ke2 Kd4 44. h4 fxg3 45. fxg3 gxh4 46. gxh4 Kc4
47. Ke3 Kxb4 48. Kd4 Ka3 49. Nd6 b4 50. Nf5 b3 51. Ne3 b2 52. Nxd5 cxd5 53. c6
b1=Q 54. Kxd5 Qb8 55. Ke6 Qc7 56. Kf6 Qxc6+ 57. Kg5 Qd5+ 58. Kh6 Kb4 59. Kg6 Kc4
60. Kh6 Kd4 61. Kg6 Ke4 62. Kh6 Qf5 63. Kg7 Qg4+ 64. Kh6 Qxh4 65. Kg6 Qg4+ 66.
Kh6 h4 {White resigns} 0-1

[Event "Team 45 45 League T47"]
[Site "Internet Chess Club"]
[Date "2010.11.28"]
[Round "4"]
[White "AronT"]
[Black "zap2"]
[Result "1-0"]
[WhiteElo "2097"]
[BlackElo "1847"]
[Opening "Nimzo-Indian: classical variation"]
[ECO "E32"]
[Time "03:58:22"]
[TimeControl "2700+45"]

1. d4 Nf6 2. c4 e6 3. Nc3 Bb4 4. Qc2 O-O 5. a3 Bxc3+ 6. Qxc3 b6 7. Bg5 Bb7 8. f3
d6 9. e3 Nbd7 10. Bd3 c5 11. Ne2 Rc8 12. O-O Qe7 13. Rad1 Rfd8 14. Qc2 h6 15.
Bh4 d5 16. Qa4 a6 17. cxd5 b5 18. Qa5 c4 19. Bc2 exd5 20. Bf2 Nf8 21. Qd2 Ne6
22. Nc3 Re8 23. Rfe1 Rcd8 24. e4 dxe4 25. fxe4 Ng5 26. e5 Nd5 27. Ne4 Nxe4 28.
Bxe4 Qe6 29. Qc2 Qg4 30. Bf3 Qg5 31. Qe4 f5 32. Qh4 Qxh4 33. Bxh4 g5 34. Bf2 g4
35. Be2 Nf4 36. Bf1 Bd5 37. Be3 Ne6 38. Bxh6 Kh7 39. Bc1 Rd7 40. Be3 Kg6 41. Rd2
Rh8 42. g3 Rdh7 43. Bg2 Rd7 44. Rc1 Rc8 45. h3 Kh5 46. Rf1 Rf8 47. Rdf2 Bxg2 48.
Rxf5+ Rxf5 49. Rxf5+ Kg6 50. Rf6+ Kg7 51. Rxe6 gxh3 52. Rxa6 Rf7 53. Bf4 Rd7 54.
Rd6 Rc7 55. e6 Kf6 56. Be5+ Ke7 57. d5 c3 58. bxc3 Ra7 59. g4 Rxa3 60. Rd7+ Ke8
61. Bf6 Ra1+ 62. Kh2 Ra8 63. Rh7 {Black resigns} 1-0